 Dungeon Crawl Stone Soup version 0.28-a0-1404-g4df0f3684d (webtiles) character file.

Game seed: 13877730759443151248

769 HallandMoats the Shield-Bearer (level 8, -6/54 HPs)
             Began as a Formicid Fighter on Jan 6, 2022.
             Was a Priest of Hepliaklqana.
             Shot with an arrow by a centaur (15 damage)
             ... on level 5 of the Dungeon.
             The game lasted 00:04:33 (4417 turns).

HallandMoats the Shield-Bearer (Formicid Fighter)   Turns: 4417, Time: 00:04:34

Health: -6/54      AC:  7    Str: 20    XL:     8   Next: 9%
Magic:  10/10      EV: 11    Int:  9    God:    Hepliaklqana [***...]
Gold:   234        SH:  6    Dex: 18    Spells: 7/7 levels left

rFire   + . .      SeeInvis +   b - +2 dagger (venom)
rCold   + + .      Faith    .   c - +0 buckler
rNeg    . . .      Spirit   .   n - +0 scale mail
rPois   .          Reflect  .   (helmet unavailable)
rElec   .          Harm     .   l - scarf {rC+ rF+}
rCorr   .          Rampage  .   (no gloves)
Will    .....                   (no boots)
Stlth   ..........              (no amulet)
HPRegen 0.18/turn               p - +6 ring of dexterity
MPRegen 0.12/turn               q - ring of protection from cold

@: no status effects
A: reduced essence, permanent stasis, dig shafts and tunnels, antennae 3, four
strong arms
a: Dig, Shaft Self, Renounce Religion, Recall Ancestor, Ancestor Identity,
Transference


You were on level 5 of the Dungeon.
You worshipped Hepliaklqana.
Hepliaklqana was most pleased with you.
You visited 1 branch of the dungeon, and saw 5 of its levels.

You collected 234 gold pieces.

Inventory:

Hand Weapons
 a - a +0 war axe
 b - a +2 dagger of venom (weapon)
Armour
 c - a +0 buckler (worn)
 h - a scarf of shadows
 l - a scarf of resistance (worn)
 n - a +0 scale mail (worn)
Jewellery
 p - a +6 ring of dexterity (left hand)
 q - a ring of protection from cold (right hand)
 s - a ring of poison resistance
Scrolls
 e - 2 scrolls of amnesia {unknown}
 f - a scroll of blinking {unknown}
 g - a scroll of fog {unknown}
 i - 4 scrolls of magic mapping {unknown}
 j - 5 scrolls of identify {unknown}
 k - a scroll of enchant weapon {unknown}
Potions
 d - a potion of might
 m - a potion of curing
 o - a potion of heal wounds {unknown}
 r - a potion of mutation {unknown}
 t - a potion of haste {unknown}


   Skills:
 + Level 4.6 Fighting
 * Level 4.5 Axes
 + Level 4.5 Armour
 * Level 3.6 Dodging
 + Level 5.1 Shields
 + Level 3.2 Invocations


You had 7 spell levels left.
You didn't know any spells.
Your spell library contained the following spells:

 Spells                   Type           Power      Damage    Failure   Level
 Ignite Poison            Fire/Tmut/Pois 0%         N/A       99%         3
 Mephitic Cloud           Conj/Pois/Air  0%         N/A       99%         3
 Freezing Cloud           Conj/Ice/Air   0%         6-21      100%        5


Dungeon Overview and Level Annotations

Branches:
Dungeon (5/15)
 Temple: D:4-7

Altars:
Ashenzari
Hepliaklqana
Wu Jian
Yredelemnul
The Shining One

Annotations:
D:4 3 runed translucent doors, Clumpoid's ghost, amateur GnFi


Innate Abilities, Weirdness & Mutations

Your life essence is reduced to manifest your ancestor. (-10% HP)
You cannot be hasted, slowed, berserked, paralysed or teleported.
You can dig through walls and to a lower floor.
You have a pair of large antennae on your head. (SInv)
Your four strong arms can wield two-handed weapons with a shield.


Message History

You hit the bullfrog skeleton.
You destroy the bullfrog skeleton!
A centaur, an ogre and a troll come into view.
Found 7 gold pieces.
The ogre shouts!
The troll shouts!
The centaur shouts!
You hear a shout!
The centaur wields a +0 shortbow.
The centaur shoots an arrow.
The arrow hits you!
A centaur comes into view.
The centaur shoots an arrow.
The arrow barely misses you.
You swap places.
The centaur shoots an arrow.
The arrow hits Sir Rick Astley!
The centaur wields a +0 shortbow.
The centaur shoots an arrow.
The arrow hits Sir Rick Astley.
The centaur shoots an arrow.
The arrow hits Sir Rick Astley!
The centaur shoots an arrow.
The arrow hits Sir Rick Astley.
Sir Rick Astley is destroyed!
The centaur shoots an arrow.
The arrow hits you!
The centaur shoots an arrow.
The arrow hits you.
The centaur shoots an arrow.
The arrow barely misses you.
The centaur shoots an arrow.
You block the arrow.
The centaur shoots an arrow.
The arrow barely misses you.
The centaur shoots an arrow.
The arrow completely misses you.
The centaur shoots an arrow.
The arrow hits you but does no damage.
The centaur shoots an arrow.
The arrow hits you.
The centaur shoots an arrow.
The arrow hits you!
The centaur shoots an arrow.
The arrow barely misses you.
The centaur shoots an arrow.
The arrow closely misses you.
The centaur shoots an arrow.
The arrow misses you.
The centaur shoots an arrow.
The arrow hits you.
The centaur shoots an arrow.
You block the arrow.
Found 6 boomerangs.
The centaur shoots an arrow.
You block the arrow.
The centaur shoots an arrow.
The arrow barely misses you.
You see here 6 boomerangs.
Found a book of the Sky.
The centaur shoots an arrow.
The arrow hits you.
* * * LOW HITPOINT WARNING * * *
The centaur shoots an arrow.
The arrow hits you!
* * * LOW HITPOINT WARNING * * *
The centaur shoots an arrow.
The arrow hits you!
You die...

# #.#
#########O.# #.#
#.{.{.{.c..# #.#
#{########.# #..
#(# #.## ###
#.########{..
#.#.........#
#####c#.#######.#
#.###.......# #.#
#...@.###.### #.#
####### #.# #÷#
#.# #.# #:# #.#
#.# #.# #.# #(#
.# #.† ###


You could see a centaur.

Vanquished Creatures
  A sky beast (D:5)
  A centaur (D:5)
  A jelly (D:5)
  2 bullfrog skeletons
  A centaur skeleton (D:3)
  An iguana (D:5)
  A scorpion zombie (D:5)
  2 orc wizards (D:4)
  A hound skeleton (D:4)
  3 adders
  A dart slug (D:2)
  2 orcs
  2 endoplasms
  A giant cockroach (D:1)
  5 goblins
  3 hobgoblins
  6 jackals
  A quokka (D:2)
  3 ball pythons
  7 bats
  A frilled lizard (D:3)
  3 kobolds
  7 rats
56 creatures vanquished.

Vanquished Creatures (collateral kills)
  A sky beast (D:5)
  An ogre (D:3)
  A water moccasin skeleton (D:3)
  An orc priest (D:4)
  2 adders
  4 orcs (D:4)
  3 bats
  A goblin (D:4)
  A hobgoblin (D:4)
  A quokka (D:3)
  A ball python (D:2)
17 creatures vanquished.

Vanquished Creatures (others)
  A hexer (D:5)
1 creature vanquished.

Grand Total: 74 creatures vanquished

Notes
Turn   | Place    | Note
-------+----------+-------------------------------------------
     0 | D:1      | HallandMoats the Formicid Fighter began the quest for the
                  | Orb.
     0 | D:1      | Reached XP level 1. HP: 18/18 MP: 1/1
   168 | D:1      | Found a faded altar of an unknown god.
   177 | D:1      | Reached XP level 2. HP: 24/24 MP: 2/2
   185 | D:1      | Prayed at the altar of an unknown god.
   185 | D:1      | Became a worshipper of Hepliaklqana the Forgotten
   185 | D:1      | Reached * piety under Hepliaklqana
   675 | D:1      | Reached skill level 1 in Dodging
   896 | D:2      | Reached XP level 3. HP: 26/26 MP: 3/3
   908 | D:2      | Reached skill level 1 in Invocations
  1244 | D:2      | Reached XP level 4. HP: 31/31 MP: 4/4
  1286 | D:2      | Reached skill level 4 in Shields
  1326 | D:2      | Found an ornate altar of the Wu Jian Council.
  1961 | D:3      | Reached XP level 5. HP: 32/37 MP: 6/6
  2035 | D:3      | Reached ** piety under Hepliaklqana
  2036 | D:3      | Remembered your ancestor Sir Rick Astley as a hexer
  2457 | D:3      | Noticed an ogre
  2464 | D:3      | Killed an ogre
  2465 | D:3      | Reached XP level 6. HP: 40/43 MP: 7/7
  3132 | D:4      | Found a runed translucent gate.
  3153 | D:4      | Found a runed translucent gate.
  3154 | D:4      | Found a runed translucent gate.
  3204 | D:4      | Found a broken altar of Ashenzari.
  3216 | D:4      | Reached XP level 7. HP: 43/48 MP: 8/8
  3310 | D:4      | Found a basalt altar of Yredelemnul.
  3587 | D:4      | Found a glowing golden altar of the Shining One.
  3664 | D:4      | Noticed Clumpoid's ghost (amateur GnFi)
  3696 | D:5      | Entered Level 5 of the Dungeon
  4071 | D:5      | Reached *** piety under Hepliaklqana
  4083 | D:5      | Reached skill level 5 in Shields
  4308 | D:5      | Reached XP level 8. HP: 54/54 MP: 10/10
  4377 | D:5      | Noticed a troll
  4417 | D:5      | Shot with an arrow by a centaur

Illustrated notes

Levels and vault maps discovered:
D:1:      dpeg_arrival_subterranean_lakeside_camping, layout_basic,
          chequers_ecumenical_altar_simple_redux, minmay_cut_off
D:2:      layout_loops_cross, basic_altar
D:3:      layout_loops_corners
D:4:      layout_loops_ring, amcnicky_altar_gilded,
          mainiacjoe_overflow_surrounded_room, lemuel_coloured_pillars_altar,
          gammafunk_ghost_necromancy, minmay_misc_feat_hallway
D:5:      cheibrodos_fzero, layout_loops_ring

Skill      XL: |  1  2  3  4  5  6  7 |
---------------+----------------------+-----
Dodging        | 1 2 3 |  3.6
Invocations    | 1 2 3 |  3.2
Shields        | 4 5 |  5.1
Axes           | 3 4 |  4.5
Fighting       | 4 |  4.6
Armour         | 4 |  4.5

Action                   |  1- 3 |  4- 6 |  7- 9 || total
-------------------------+-------+-------+-------++-------
Melee: War axe           |    69 |    76 |       ||   145
       Dagger            |       |    25 |    50 ||    75
Invok: Recall Ancestor   |     1 |       |       ||     1
       Ancestor Identity |     1 |       |       ||     1
       Ancestor Life: He |       |     1 |       ||     1
  Use: Potion            |     1 |       |       ||     1
 Stab: Distracted        |       |       |     1 ||     1
       Confused          |       |       |     1 ||     1
Armor: Scale mail        |    48 |    54 |    14 ||   116
Dodge: Dodged            |    40 |    50 |    24 ||   114
Block: Buckler           |    19 |    31 |    13 ||    63

Table legend: (Time is in decaauts)
 A = Elapsed time spent in this place.
 B = Non-inter-level travel time spent in this place.
 C = Inter-level travel time spent in this place.
 D = Time resting spent in this place.
 E = Time spent auto-exploring this place.
 F = Levels seen in this place.
 G = Mean time per level.
                   A        B        C        D        E       F      G
               +--------+--------+--------+--------+--------+-----+--------+
         Total |   4477 |   4355 |    122 |    291 |   3401 |   5 |  895.4 |
       Dungeon |   4477 |   4355 |    122 |    291 |   3401 |   5 |  895.4 |
               +--------+--------+--------+--------+--------+-----+--------+

Top non-repeatable levels by time:
     D:4: 1107 daAuts
     D:3: 1052 daAuts
     D:1: 890 daAuts
     D:5: 720 daAuts
     D:2: 706 daAuts
